 Dungeon Crawl Stone Soup version 0.23.2-40-g277498a001 (webtiles) character file.

Game seed: 18207285696077644782

46 Emblim88 the Caller (level 3, -2/24 HPs)
             Began as a Merfolk Summoner on Sept 18, 2019.
             Was an Initiate of Yredelemnul.
             Slain by a sky beast (6 damage)
             ... on level 3 of the Dungeon.
             The game lasted 00:12:12 (3525 turns).

Emblim88 the Caller (Merfolk Summoner)              Turns: 3525, Time: 00:12:13

Health: -2/24      AC:  4    Str:  8    XL:     3   Next: 68%
Magic:  2/6        EV:  8    Int: 15    God:    Yredelemnul [......]
Gold:   119        SH:  0    Dex: 14    Spells: 0/6 levels left

rFire    x . .     SeeInvis .   b - -3 hunting sling (curse)
rCold    + . .     Gourm    .   (no shield)
rNeg     . . .     Faith    .   a - +0 robe
rPois    .         Spirit   .   (no helmet)
rElec    .         Reflect  .   k - +0 cloak
rCorr    .         Harm     .   e - +0 pair of gloves
MR       .....                  (no boots)
Stlth    ++........             (no amulet)
HPRegen  0.08/turn              m - ring of ice
MPRegen  0.10/turn              o - -5 ring of evasion (curse)

@: no status effects
A: change form in water, swift swim, stealthy swim
a: Renounce Religion


You were on level 3 of the Dungeon.
You worshipped Yredelemnul.
Yredelemnul was noncommittal.
You were not hungry.

You visited 1 branch of the dungeon, and saw 4 of its levels.

You collected 119 gold pieces.

Inventory:

Hand Weapons
 b - a cursed -3 hunting sling (weapon)
Missiles
 d - 8 sling bullets (quivered)
 h - 66 stones
Armour
 a - a +0 robe (worn)
 e - a +0 pair of gloves (worn)
 k - a +0 cloak (worn)
Jewellery
 m - a ring of ice (left hand)
 o - a cursed -5 ring of evasion (right hand)
 q - an uncursed ring of fire
Wands
 p - a wand of iceblast (3)
Scrolls
 f - 3 scrolls of teleportation
 l - a scroll of identify
Potions
 g - 4 potions of curing
 i - a potion of invisibility {unknown}
 j - 2 potions of might {unknown}
 n - a potion of heal wounds {unknown}
Comestibles
 c - 3 rations


   Skills:
 - Level 0.2 Slings
 + Level 3.2 Dodging
 * Level 2.7 Stealth
 + Level 2.2 Spellcasting
 * Level 4.6 Summonings


You couldn't memorise any spells.
You knew the following spells:

 Your Spells              Type           Power        Failure   Level  Hunger
a - Summon Small Mammal   Summ           ###.         3%          1    #......
b - Call Imp              Summ           ###.....     4%          2    ###....
c - Summon Guardian Gole  Hex/Summ       #.......     26%         3    ###....

Your spell library contained the following spells:

 Spells                   Type           Power        Failure   Level  Hunger
 Call Canine Familiar     Summ           ###.....     10%         3    ###....
 Summon Ice Beast         Ice/Summ       ##......     63%         4    #####..
 Summon Lightning Spire   Summ/Air       #.......     63%         4    #####..


Dungeon Overview and Level Annotations

Branches:
Dungeon (4/15)
 Temple: D:4-7

Altars:
Yredelemnul
The Shining One


Message History

Casting: Call Imp (safe; 4% risk of failure)
Confirm with . or Enter, or press ? or * to list all spells.
You don't have enough magic to cast that spell.
Your crimson imp blinks!
There is a stone staircase leading up here.
Something hits you but does no damage.
Your shadow imp barely misses something.
You climb upwards.
Reactivating autopickup.
There is a stone staircase leading down here.
Deactivating autopickup; reactivate with Ctrl-A.
You closely miss something. Something hits you. Something shocks you.
Something hits you. Something shocks you.
* * * LOW HITPOINT WARNING * * *
You miss something. Something hits you but does no damage.
You miss something. Something hits you.
* * * LOW HITPOINT WARNING * * *
Something shocks you.
You die...
Your body rises from the dead as a mindless zombie.

.............##..###### #.
#########....#..## #.
#...##....### #.
#.#######...# #. #.# ###.#
###. #.# #.# ##########...
#.# #.###..........##
##.#########.#...##########
#..##......@....##
##.....#########.#########
##...#### #.........#
##...## #########.##
###....##### #### #..##
...........#####..# ##..#
###.#.............# ##<##
...........####..## #..#
#...#.............##########
##..


There were no monsters in sight!

Vanquished Creatures
  A goblin (D:2)
  A hobgoblin (D:2)
2 creatures vanquished.

Vanquished Creatures (collateral kills)
  3 adders
  A worm (D:2)
  2 dart slugs
  2 leopard geckos
  4 bats
  2 giant cockroaches
  7 goblins
  4 hobgoblins
  2 jackals (D:2)
  2 kobolds
  2 quokkas (D:2)
  A frilled lizard (D:2)
  3 rats
35 creatures vanquished.

Grand Total: 37 creatures vanquished

Notes
Turn   | Place    | Note
-------+----------+-------------------------------------------
     0 | D:1      | Emblim88 the Merfolk Summoner began the quest for the Orb.
     0 | D:1      | Reached XP level 1. HP: 13/13 MP: 3/3
   668 | D:1      | Reached XP level 2. HP: 19/19 MP: 1/5
  1700 | D:2      | Learned a level 2 spell: Call Imp
  2075 | D:2      | Reached XP level 3. HP: 23/24 MP: 0/6
  3221 | D:3      | Learned a level 3 spell: Summon Guardian Golem
  3234 | D:3      | Found a basalt altar of Yredelemnul.
  3242 | D:3      | Noticed a profane servitor
  3247 | D:3      | Became a worshipper of Yredelemnul the Dark
  3260 | D:3      | Found a glowing golden altar of the Shining One.
  3262 | D:3      | Noticed an angel
  3501 | D:4      | Noticed a sky beast
  3525 | D:3      | Slain by a sky beast

Skill      XL: |  1  2 |
---------------+-------+-----
Dodging        | 3 |  3.2
Slings         | |  0.2
Stealth        | |  2.7
Spellcasting   | |  2.2
Summonings     | |  4.6

Action                   || total
-------------------------++-------
Melee: Unarmed           ||     1
       Hunting sling     ||     3
 Fire: Hunting sling     ||    37
 Cast: Summon Small Mamm ||    26
       Call Imp          ||    40
  Use: Scroll            ||     4
       Potion            ||     1
  Eat: Chunk             ||     6
       Ration            ||     2
Armor: Robe              ||    20
Dodge: Dodged            ||    44
